 Dungeon Crawl Stone Soup version 0.15-a0-2246-gfd41422 (webtiles) character file.

13 MinerD the Magician (level 2, 0/15 HPs)
             Began as a Gargoyle Wizard on July 26, 2014.
             Slain by a hobgoblin
             ... wielding a +0 club
              (5 damage)
             ... on Level 1 of the Dungeon.
             The game lasted 00:05:13 (529 turns).

MinerD the Magician (Gargoyle Wizard)                Turns: 529, Time: 00:05:13

HP   0/15        AC  6     Str 10      XL: 2   Next: 37%
MP   1/6         EV 11     Int 18      God:
Gold 22          SH  0     Dex  8      Spells:  2 memorised,  4 levels left

rFire  . . .     SeeInvis .     g - -3 dagger
rCold  . . .     Clarity  .     a - +0 robe
rNeg   + . .     rCorr    .     (no shield)
rPois  +         rRot     +     b - +0 hat
rElec  +         Spirit   .     e - +0 cloak
SustAb .         Warding  .     (no gloves)
rMut   .         Stasis   .     f - +0 pair of boots
Gourm  .                        (no amulet)
MR     .....                    (no ring)
                                k - ring of teleport control

@: repel missiles, not resistant to hostile enchantments, unstealthy
A: negative energy resistance 1, electricity resistance, unbreathing,
petrification resistance, rot immunity, AC +2
a: Evoke Teleport Control


You were on level 1 of the Dungeon.
You were not hungry.

You visited 1 branch of the dungeon, and saw 1 of its levels.

You collected 22 gold pieces.

Inventory:

Hand weapons
 g - a -3 dagger (weapon)
Armour
 a - a +0 robe (worn)
 b - a +0 hat (worn)
 e - a +0 cloak (worn)
 f - a +0 pair of boots (worn)
Comestibles
 d - 2 bread rations
 i - a rotting chunk of ball python flesh
 j - a rotting chunk of rat flesh
Jewellery
 k - a ring of teleport control (left hand)
Books
 c - a book of Minor Magic

   Spells                             Type                      Level
   *Magic Dart                        Conjuration                  1
   Blink                              Translocation                2
   Call Imp                           Summoning                    2
   *Repel Missiles                    Charms/Air                   2
   Slow                               Hexes                        2
   Conjure Flame                      Conjuration/Fire             3
   Mephitic Cloud                     Conjuration/Poison/Air       3


   Skills:
 - Level 1.5 Dodging
 - Level 2.1 Stealth
 * Level 3.3 Spellcasting
 + Level 1.8 Conjurations
   Level 0.8 Summonings
   Level 0.8 Translocations


You had 4 spell levels left.
You knew the following spells:

 Your Spells              Type           Power        Failure   Level  Hunger
a - Magic Dart            Conj           #...         10%         1    None
b - Repel Missiles        Chrm/Air       #.....       28%         2    ##.....


Dungeon Overview and Level Annotations

Branches:
Dungeon (1/15)

Altars:


Innate Abilities, Weirdness & Mutations

You are resistant to torment.
You are immune to poison.
Your stone body is very resilient (AC +2).
You resist negative energy.
You are resistant to electric shocks.
You can survive without breathing.
You are immune to petrification.
You are immune to rotting.


Message History

Aiming: Magic Dart
Press: ? - help, Shift-Dir - straight line, f/p - hobgoblin
Aim: a hobgoblin, wielding a club (heavily wounded)
The magic dart hits the hobgoblin.
The hobgoblin is heavily wounded.
The hobgoblin hits you but does no damage.
You smell something rotten. (slot i)
There is a stone staircase leading down here.
The hobgoblin closely misses you.
Casting: Magic Dart
Confirm with . or Enter, or press ? or * to list all spells.
Aiming: Magic Dart
Press: ? - help, Shift-Dir - straight line, f/p - hobgoblin
Aim: a hobgoblin, wielding a club (heavily wounded)
The magic dart hits the hobgoblin.
The hobgoblin is severely wounded.
You hit the hobgoblin but do no damage.
The hobgoblin is severely wounded.
The hobgoblin hits you with a club.
You die...

..#......####..>..#........
#......# #####...#.##...
..#......# ##..#.# ...
#.......# #..#.. #......)#
###..####.. ##.......#
#........$.. ...>.....###
#........##
.#..#......#####........#
#...........@g...........
........#.##...........#
.......................
.......#.#..##........
......#............#
.##......#.#.#.... #.#.###
.#....# . .###.. .


You could see a hobgoblin.

Vanquished Creatures
  An ooze (D:1)
  A ball python (D:1)
  A bat (D:1)
  2 goblins (D:1)
  2 hobgoblins (D:1)
  A quokka (D:1)
  A giant newt (D:1)
  A rat (D:1)
10 creatures vanquished.

Notes
Turn   | Place    | Note
--------------------------------------------------------------
     0 | D:1      | MinerD, the Gargoyle Wizard, began the quest for the Orb.
     0 | D:1      | Reached XP level 1. HP: 10/10 MP: 4/4
   230 | D:1      | Reached XP level 2. HP: 15/15 MP: 4/6
   234 | D:1      | Learned a level 2 spell: Repel Missiles
   529 | D:1      | Slain by a hobgoblin

Action                   || total
-------------------------++-------
Melee: Dagger            ||    27
       Unarmed           ||     3
 Cast: Magic Dart        ||    32
       Repel Missiles    ||     1
  Use: Scroll            ||     4
       Potion            ||     1
